 Dungeon Crawl Stone Soup version 0.30-a0-1112-gfb780f5df6 (webtiles) character file.

Game seed: 8911402031199848211

77 cforsyth the Gusty (level 3, -6/28 HPs)
             Began as a Demigod Wanderer on Apr 20, 2023.
             Killed by divine providence
             ... invoked by an orc priest
              (12 damage)
             ... on level 2 of the Dungeon.
             The game lasted 00:04:09 (2733 turns).

cforsyth the Gusty (Demigod Wanderer)               Turns: 2733, Time: 00:04:10

Health: -6/28      AC:  6    Str: 19    XL:     3   Next: 92%
Magic:  8/8        EV: 11    Int: 14    God:
Gold:   86         SH:  0    Dex: 11    Spells: 5/6 levels left

rFire   . . .      SeeInvis .    a - +0 hand axe
rCold   . . .      Faith    .    (no shield)
rNeg    . . .      Spirit   .    e - +0 leather armour
rPois   .          Reflect  .    t - +2 hat
rElec   .          Rampage  .    (no cloak)
rCorr   .                        (no gloves)
Will    .....                    u - +0 pair of boots
Stlth   +                        (no amulet)
HPRegen 0.24/turn                (no ring)
MPRegen 0.11/turn                (no ring)

@: no status effects
A: high MP 1, forlorn, divine attributes
a: no special abilities


You were on level 2 of the Dungeon.
You visited 1 branch of the dungeon, and saw 3 of its levels.

You collected 86 gold pieces.

Inventory:

Hand Weapons
 a - a +0 hand axe (weapon)
 c - a +0 dagger
Missiles
 b - 10 poisoned darts (quivered)
Armour
 e - a +0 leather armour (worn)
 t - a +2 hat (worn)
 u - a +0 pair of boots (worn)
Jewellery
 p - a ring of protection from cold
Scrolls
 d - 2 scrolls of teleportation
 f - a scroll of fog {unknown}
 g - a scroll of noise {unknown}
 h - 2 scrolls of identify {unknown}
 j - 2 scrolls of poison {unknown}
 k - a scroll of immolation {unknown}
 n - a scroll of silence {unknown}
 q - a scroll of fear {unknown}
 s - a scroll of vulnerability {unknown}
 v - a scroll of blinking {unknown}
 w - a scroll of enchant weapon {unknown}
Potions
 i - 2 potions of degeneration {unknown}
 l - 3 potions of curing {unknown}
 m - a potion of brilliance {unknown}
 o - a potion of haste {unknown}
 r - a potion of lignification {unknown}


   Skills:
 + Level 1.6 Fighting
 - Level 2.0 Axes
 - Level 1.3 Throwing
 + Level 2.8 Armour
 - Level 2.0 Spellcasting
 - Level 2.9 Air Magic


You had 5 spell levels left.
You knew the following spells:

 Your Spells              Type           Power      Damage    Failure   Level
a - Shock                 Conj/Air       20%        1d4       16%         1

Your spell library contained the following spells:

 Spells                   Type           Power      Damage    Failure   Level
 Cigotuvi's Dreadful Rot  Necr/Pois/Air  8%         N/A       28%         2
 Mephitic Cloud           Conj/Pois/Air  4%         N/A       50%         3


Dungeon Overview and Level Annotations

Branches:
Dungeon (3/15)

Shops:
D:1 [**(*


Innate Abilities, Weirdness & Mutations

You have an increased reservoir of magic. (+10% MP)
You shall have no god before yourself.
Your divine heritage dramatically boosts your attributes as you level up.


Message History

No target in view!
You see here a jackal corpse.
Found a stone staircase leading up.
w - a scroll labelled UGAJETOIVYI An orc comes into view.
It is wielding a +0 flail.
The orc shouts!
An orc comes into view. It is wielding a +0 mace.
An orc priest comes into view. It is wielding a +0 whip.
An orc comes into view. It is wielding a +0 short sword.
The orc moves out of view.
There are monsters nearby!
The orc priest shouts!
The orc shouts!
There is a stone staircase leading up here.
The orc priest looks braver for a moment.
Unknown command.
You hit the orc priest.
The orc priest is lightly wounded.
The orc priest closely misses you. The orc priest hits you with a +0 whip.
You climb upwards.
There is a stone staircase leading down here.
You hit the orc priest but do no damage.
The orc priest is lightly wounded.
The orc priest calls down the wrath of Beogh upon you.
Beogh smites you!
Ouch! That really hurt!
You closely miss the orc priest.
The orc priest is lightly wounded.
The orc priest hits you with a +0 whip.
You slash the orc priest!
The orc priest is severely wounded.
The orc priest hits you with a +0 whip.
* * * LOW HITPOINT WARNING * * *
You closely miss the orc priest.
The orc priest is severely wounded.
The orc priest hits you with a +0 whip.
* * * LOW HITPOINT WARNING * * *
The orc priest calls down the wrath of Beogh upon you.
Beogh smites you!
You die...

###### #### #....#####
...######.##....o#########
...'............@<.......#
...######.........######.#
.).############......# #.#
...##.......# #......# #.#
...##.......# #......# #.#
............# #......# #.#
............# #......# #.#
............###..#..####.#
'#########.##............#


You could see an orc priest.

Vanquished Creatures
  2 adders (D:2)
  A worm (D:2)
  An endoplasm (D:2)
  5 giant cockroaches
  6 goblins
  6 hobgoblins
  2 jackals (D:3)
  A quokka (D:2)
  8 ball pythons
  6 bats (D:1)
  4 frilled lizards
  9 kobolds
  7 rats (D:1)
58 creatures vanquished.

Notes
Turn   | Place    | Note
-------+----------+-------------------------------------------
     0 | D:1      | cforsyth the Demigod Wanderer began the quest for the Orb.
     0 | D:1      | cforsyth set off with the following items: a +0 hand axe,
                  | 10 poisoned darts, a +0 dagger, a scroll of teleportation,
                  | a +0 leather armour; and the following spell memorised:
                  | Shock; and the following spells available to memorise:
                  | Cigotuvi's Dreadful Rot, Mephitic Cloud.
     0 | D:1      | Reached XP level 1. HP: 14/14 MP: 5/5
    10 | D:1      | Found Ubouvuu's Assorted Antiques.
   268 | D:1      | Found Kovugoch's General Store.
   276 | D:1      | Reached XP level 2. HP: 20/20 MP: 7/7
   404 | D:1      | Found Taonum's Assorted Antiques.
   481 | D:1      | Found Jaup's Weapon Shop.
   982 | D:1      | Found Badun's Armour Emporium.
  1392 | D:2      | Reached XP level 3. HP: 26/27 MP: 8/8
  1584 | D:2      | Reached skill level 1 in Fighting
  2733 | D:2      | Killed from afar by an orc priest

Illustrated notes

Levels and vault maps discovered:
D:1:      ncdulo_wetmaze, layout_basic, serial_shops,
          nicolae_shop_bloodbath_and_beyond, nicolae_shop_tiny_statue_garden,
          nicolae_shop_waterfront, nicolae_shop_back_alley_shop, shop,
          ebering_ecumenical_altar_hall, serial_co_window_serial,
          co_window_corner_a, co_window_paths_a, co_window_corner_a,
          co_window_corner_a, co_window_corner_a, co_window_corner_b,
          co_window_cross_3, co_window_unsneaky_path_b, co_window_broadway_b,
          co_window_paths_d, glass_columns_c, glass_columns_b,
          kennysheep_pointless_box, minmay_tripent
D:2:      layout_basic, basic_altar, minmay_goblin_kobold_house
D:3:      minmay_octagon_keep, layout_loops_corners, minmay_misc_feat_rows,
          kennysheep_cross_bottleneck, uniq_terence

Skill      XL: |  1  2  3 |
---------------+----------+-----
Axes           | 2 |  2.0
Armour         | 2 |  2.8
Spellcasting   | 2 |  2.0
Fighting       | 1 |  1.6
Throwing       | |  1.3
Air Magic      | |  2.9

Action                     || total
---------------------------++-------
  Melee: Hand axe          ||   217
  Throw: Dart              ||     4
 Armour: Leather armour    ||    88
  Dodge: Dodged            ||   163

Table legend: (Time is in decaauts)
 A = Elapsed time spent in this place.
 B = Non-inter-level travel time spent in this place.
 C = Inter-level travel time spent in this place.
 D = Time resting spent in this place.
 E = Time spent auto-exploring this place.
 F = Levels seen in this place.
 G = Mean time per level.
                   A        B        C        D        E       F      G
               +--------+--------+--------+--------+--------+-----+--------+
         Total |   2786 |   2608 |    178 |      0 |   2132 |   3 |  928.7 |
       Dungeon |   2786 |   2608 |    178 |      0 |   2132 |   3 |  928.7 |
               +--------+--------+--------+--------+--------+-----+--------+

Top non-repeatable levels by time:
     D:1: 1464 daAuts
     D:2: 1144 daAuts
     D:3: 178 daAuts
